 Dungeon Crawl Stone Soup version 0.31.0-32-g396128a36d (webtiles) character file.

Game seed: 1791837152252128200

466 Glalom the Cudgeller (level 7, 0/44 HPs)
             Began as a Gargoyle Fighter on Apr 8, 2024.
             Incinerated by a bombardier beetle (3 damage)
             ... with a burning spray
             ... on level 5 of the Dungeon.
             The game lasted 00:07:54 (2500 turns).

Glalom the Cudgeller (Gargoyle Fighter)             Turns: 2500, Time: 00:07:54

Health: 0/44       AC: 12    Str: 21    XL:     7   Next: 8%
Magic:  7/7        EV:  9    Int:  9    God:
Gold:   174        SH:  0    Dex:  9    Spells: 6/6 levels left

rFire   . . .        l - +1 flail (holy)
rCold   . . .        (no shield)
rNeg    + . .        b - +0 scale mail
rPois   ∞            (no helmet)
rElec   +            (no cloak)
rCorr   .            o - +0 pair of gloves
SInv    .            (no boots)
Will    .....        p - amulet of regeneration Stlth
                     (no ring)
HPRegen 1.07/turn    (no ring)
MPRegen 0.10/turn

%: no passive effects
@: on fire, glowing
A: sickness immunity, AC +4, negative energy resistance 1, electricity
resistance, torment resistance 1, petrification resistance
a: no special abilities


You were on level 5 of the Dungeon.
You visited 1 branch of the dungeon, and saw 5 of its levels.

You collected 174 gold pieces.

Inventory:

Hand Weapons
 a - a +0 flail
 l - a +1 flail of holy wrath (weapon)
Armour
 b - a +0 scale mail (worn)
 c - a +0 buckler
 o - a +0 pair of gloves (worn)
Jewellery
 p - an amulet of regeneration (around neck)
Wands
 k - a wand of mindburst (10)
Scrolls
 e - 3 scrolls of teleportation
 g - a scroll of revelation {unknown}
 h - a scroll of amnesia {unknown}
 j - 3 scrolls of identify
 m - a scroll of noise {unknown}
 n - a scroll of immolation {unknown}
Potions
 d - 3 potions of might
 i - a potion of heal wounds {unknown}
 q - 2 potions of attraction {unknown}
 r - a potion of ambrosia {unknown}


   Skills:
 - Level 5.0 Fighting
 + Level 6.5 Maces & Flails
 - Level 3.3 Armour
 - Level 3.3 Shields


You had 6 spell levels left.
You didn't know any spells.
Your spell library contained the following spells:

 Spells                   Type           Power      Damage    Failure   Level
 Frozen Ramparts          Ice            0%         1d1       97%         3
 Leda's Liquefaction      Alch/Erth      0%         N/A       100%        4
 Petrify                  Alch/Erth      0%         N/A       100%        4
 Metabolic Englaciation   Hex/Ice        0%         N/A       100%        5


Dungeon Overview and Level Annotations

Branches:
Dungeon (5/15)
 Temple: D:4-7

Altars:


Innate Abilities, Weirdness & Mutations

You are immune to sickness and miasma.
Your stone body is resilient. (AC +4)
You are immune to poison.
You resist negative energy. (rN+)
You are resistant to electric shocks. (rElec)
You are resistant to unholy torment.
You are immune to petrification.


Message History

You hit the bombardier beetle but do no damage.
Your punch misses the bombardier beetle.
The bombardier beetle is severely wounded.
The liquid fire burns you!
* * * LOW HITPOINT WARNING * * *
You hit the bombardier beetle but do no damage.
The bombardier beetle is severely wounded.
The liquid fire burns you!
* * * LOW HITPOINT WARNING * * *
The bombardier beetle bites you but does no damage.
You feel better. The liquid fire burns you!
* * * LOW HITPOINT WARNING * * *
The bombardier beetle barely misses you.
You hit the bombardier beetle but do no damage.
The bombardier beetle is severely wounded.
The liquid fire burns you!
* * * LOW HITPOINT WARNING * * *
You sock the bombardier beetle!
You kill the bombardier beetle!
The liquid fire burns you!
* * * LOW HITPOINT WARNING * * *
You feel better. The liquid fire burns you!
* * * LOW HITPOINT WARNING * * *
You are on fire!
You are on fire!
The liquid fire burns you!
* * * LOW HITPOINT WARNING * * *
The liquid fire burns you!
* * * LOW HITPOINT WARNING * * *
The liquid fire burns you!
* * * LOW HITPOINT WARNING * * *
You feel better. The liquid fire burns you!
* * * LOW HITPOINT WARNING * * *
The liquid fire burns you!
* * * LOW HITPOINT WARNING * * *
The liquid fire burns you!
You die...

.### #................#
....####........†.......#
........................#
......#.................###
.......#..........>.......#
............<.............#
..........................#
......##.........##....###
........$##....†@$....####
......#####......###.....#
......# .............###.###
......................><....
..............#..#######....#
................## ..#
......(.## # ....... .###..


There were no monsters in sight!

Vanquished Creatures
  A phantom (D:4)
  A scorpion (D:4)
  2 hounds
  2 bombardier beetles
  An orc wizard (D:3)
  Terence (D:3)
  2 iguanas
  4 adders
  A gnoll (D:5)
  2 dart slugs
  A ribbon worm (D:2)
  5 orcs
  10 endoplasms
  5 giant cockroaches
  2 goblins
  5 hobgoblins
  A quokka (D:2)
  6 ball pythons
  6 bats
  4 kobolds
  5 rats
67 creatures vanquished.

Notes
Turn   | Place    | Note
-------+----------+-------------------------------------------
     0 | D:1      | Glalom the Gargoyle Fighter began the quest for the Orb.
     0 | D:1      | Reached XP level 1. HP: 14/14 MP: 1/1
   187 | D:1      | Reached XP level 2. HP: 20/20 MP: 2/2
   529 | D:2      | Reached XP level 3. HP: 24/24 MP: 3/3
   631 | D:2      | Reached skill level 5 in Fighting
   790 | D:2      | Reached XP level 4. HP: 31/31 MP: 4/4
  1055 | D:3      | Reached skill level 3 in Maces & Flails
  1073 | D:3      | Noticed Terence
  1083 | D:3      | Killed Terence
  1281 | D:3      | Reached XP level 5. HP: 15/35 MP: 5/5
  1285 | D:3      | Reached skill level 4 in Maces & Flails
  1720 | D:4      | Reached skill level 5 in Maces & Flails
  1720 | D:4      | Reached XP level 6. HP: 40/40 MP: 6/6
  2326 | D:4      | Reached skill level 6 in Maces & Flails
  2413 | D:5      | Entered Level 5 of the Dungeon
  2478 | D:5      | Reached XP level 7. HP: 44/44 MP: 7/7
  2493 | D:5      | HP: 2/44 [burnt (5)]
  2499 | D:5      | HP: 1/44 [burnt (4)]
  2500 | D:5      | Incinerated by a bombardier beetle

Illustrated notes

Levels and vault maps discovered:
D:1:      dpeg_arrival_pond, layout_basic, st_stairs_5
D:2:      layout_rooms
D:3:      layout_basic, uniq_terence
D:4:      nicolae_cairo_tiling_very_big, layout_basic, st_stairs_2
D:5:      layout_rooms

Skill      XL: |  1  2  3  4  5  6 |
---------------+-------------------+-----
Fighting       | 4 5 |  5.0
Maces & Flails | 3 5 6 |  6.5
Armour         | |  3.3
Shields        | |  3.3

Action                     |  1- 3 |  4- 6 |  7- 9 || total
---------------------------+-------+-------+-------++-------
  Melee: Flail             |   109 |   146 |    12 ||   267
         Punch             |       |     1 |       ||     1
    Use: Scroll            |       |     2 |       ||     2
         Potion            |       |       |     4 ||     4
 Armour: Scale mail        |    91 |   136 |     4 ||   231
  Dodge: Dodged            |    83 |    53 |     3 ||   139
  Block: Buckler           |     7 |       |       ||     7
